 Dungeon Crawl Stone Soup version 0.25.0-9-g26727b657a (webtiles) character file.

Game seed: 5052913614744187200

30 Esekla the Grave Robber (level 3, 0/16 HPs)
             Began as a Spriggan Necromancer on June 16, 2020.
             Slain by a frilled lizard (3 damage)
             ... in a sewer.
             The game lasted 00:09:02 (1574 turns).

Esekla the Grave Robber (Spriggan Necromancer)      Turns: 1574, Time: 00:09:03

Health: 0/16       AC:  2    Str:  4    XL:     3   Next: 5%
Magic:  13/17      EV: 18    Int: 17    God:
Gold:   54         SH:  0    Dex: 16    Spells: 7/8 levels left

rFire    + . .     SeeInvis +   k - +0 falchion
rCold    . . .     Gourm    .   (shield restricted)
rNeg     . . .     Faith    .   a - +0 robe
rPois    .         Spirit   .   (helmet restricted)
rElec    .         Reflect  .   (no cloak)
rCorr    .         Harm     .   (gloves unavailable)
MR       .....                  (boots unavailable)
Stlth    ++........             (no amulet)
HPRegen  0.05/turn              i - ring of protection from fire
MPRegen  0.15/turn              l - ring of magical power

@: very quick
A: very small, unfitting armour, see invisible, herbivore, speed 3, slow
metabolism 2
a: no special abilities


You were in a sewer.
You were not hungry.

You visited 1 branch of the dungeon, and saw 4 of its levels.
You also visited: Sewer.

You collected 54 gold pieces.

Inventory:

Hand Weapons
 d - a +0 dagger
 k - a +0 falchion (weapon)
Armour
 a - a +0 robe (worn)
Jewellery
 i - a ring of protection from fire (left hand)
 l - a ring of magical power (right hand)
 n - an uncursed ring of protection from cold {unknown}
Scrolls
 f - 3 scrolls of identify {unknown}
 j - a scroll of blinking {unknown}
 m - a scroll of enchant weapon {unknown}
 p - a scroll of noise {unknown}
Potions
 b - a potion of magic {unknown}
 e - 2 potions of heal wounds {unknown}
 g - a potion of might {unknown}
 h - 3 potions of curing {unknown}
 o - 2 potions of invisibility {unknown}
Comestibles
 c - 2 rations


   Skills:
 * Level 3.2 Dodging
 + Level 3.0 Stealth
 * Level 3.4 Spellcasting
 + Level 4.1 Necromancy


You had 7 spell levels left.
You knew the following spells:

 Your Spells              Type           Power        Failure   Level  Hunger
a - Pain                  Necr           ###.         3%          1    None

Your spell library contained the following spells:

 Spells                   Type           Power        Failure   Level  Hunger
 Animate Skeleton         Necr           N/A          3%          1    None
 Vampiric Draining        Necr           ###.......   9%          3    ###....
 Animate Dead             Necr           N/A          30%         4    ####...
 Agony                    Necr           ###.....     63%         5    ######.


Dungeon Overview and Level Annotations

Branches:
Dungeon (4/15)              Sewer (1/1)
 Temple: D:4-7

Altars:


Innate Abilities, Weirdness & Mutations

You are very small and have problems with some larger weapons.
You are too small for most types of armour.
You have supernaturally acute eyesight. (SInv)
You are a herbivore.
You cover ground extremely quickly.
You need to consume almost no food.


Message History

The worm writhes in agony.
The bat hits you.
* * * LOW HITPOINT WARNING * * *
The leopard gecko misses you.
Casting: Pain (safe; 3% risk of failure)
Confirm with . or Enter, or press ? or * to list all spells.
Aiming: Pain (safe; 3% risk of failure)
Press: ? - help, Shift-Dir - straight line, f/p - worm
Aim: a worm (severely wounded, chance to defeat MR: 80%)
The worm writhes in agony!
You kill the worm!
You have reached level 3!
Your experience leads to an increase in your attributes!
Increase (S)trength, (I)ntelligence, or (D)exterity?
You feel clever. The leopard gecko misses you.
You riposte.
You closely miss the leopard gecko. The bat barely misses you.
You riposte.
You hit the bat.
You kill the bat!
You miss the leopard gecko. The leopard gecko closely misses you.
The frilled lizard bites you.
You die...

#### ###∩.###
##≈
#......####.≈≈≈
#.l.†∩.....≈≈≈≈
#@lw.†.....≈≈.≈
##.†...##.####≈
##...## # #####


You could see a worm, a leopard gecko and a frilled lizard.

Vanquished Creatures
  A worm (Sewer)
  3 leopard geckos (D:1)
  An orc (D:4)
  2 bats
  A giant cockroach (D:1)
  2 goblins
  2 hobgoblins (D:1)
  2 jackals (D:2)
  A ball python (D:1)
  2 frilled lizards
  3 kobolds (D:1)
  3 rats (D:1)
23 creatures vanquished.

Notes
Turn   | Place    | Note
-------+----------+-------------------------------------------
     0 | D:1      | Esekla the Spriggan Necromancer began the quest for the
                  | Orb.
     0 | D:1      | Reached XP level 1. HP: 9/9 MP: 5/5
   381 | D:1      | Reached XP level 2. HP: 13/13 MP: 4/6
   544 | D:1      | Reached skill level 4 in Necromancy
  1525 | D:4      | Found a glowing drain.
  1558 | Sewer    | Entered a sewer
  1572 | Sewer    | Reached XP level 3. HP: 4/16 MP: 8/8
  1574 | Sewer    | Slain by a frilled lizard

Illustrated notes

Levels and vault maps discovered:
D:1:      roderic_chinese_lattice_arrival, layout_loops_ring,
          chequers_decorated_corner
D:2:      layout_loops_cross, led_sif_pool, first_ration,
          minmay_misc_feat_more_columns, hangedman_ru_absence, uniq_jessica
D:3:      layout_loops_ring, gammafunk_ghost_gnarly_gnolls
D:4:      layout_loops_ring, cheibrodos_sewer_entry_bend
Sewer:    sewer_fruit_machine

Skill      XL: |  1  2 |
---------------+-------+-----
Spellcasting   | 3 |  3.4
Necromancy     | 4 |  4.1
Dodging        | |  3.2
Stealth        | |  3.0

Action                   || total
-------------------------++-------
Melee: Dagger            ||    12
       Falchion          ||     4
 Cast: Pain              ||    35
 Stab: Sleeping          ||     1
Armor: Robe              ||     3
Dodge: Dodged            ||    30
       Rpst.: Falchion   ||     7
